 Dungeon Crawl Stone Soup version 0.30-a0-170-g85af917532 (webtiles) character file.

Game seed: 8138721215377626234

46 Sobieck the Sneak (level 3, 0/18 HPs)
             Began as a Vine Stalker Brigand on Sept 30, 2022.
             Slain by a gnoll
             ... wielding a +0 spear
              (3 damage)
             ... on level 2 of the Dungeon.
             The game lasted 00:02:04 (1160 turns).

Sobieck the Sneak (Vine Stalker Brigand)            Turns: 1160, Time: 00:02:05

Health: 0/18       AC:  4    Str: 13    XL:     3   Next: 68%
Magic:  0/4        EV: 12    Int: 11    God:
Gold:   13         SH:  0    Dex: 17    Spells: 2/2 levels left

rFire   . . .      SeeInvis .    a - +2 dagger {short}
rCold   . . .      Faith    .    (no shield)
rNeg    . . .      Spirit   +    b - +0 robe
rPois   .          Reflect  .    (no helmet)
rElec   .          Harm     .    c - +0 cloak
rCorr   .          Rampage  .    (no gloves)
Will    .....                    l - +0 pair of boots
Stlth   +++.......               (no amulet)
HPRegen 0.06/turn                (no ring)
MPRegen 0.09/turn                (no ring)

@: no status effects
A: fangs 2, magic shield, antimagic bite, no potion heal 2
a: no special abilities


You were on level 2 of the Dungeon.
You visited 1 branch of the dungeon, and saw 2 of its levels.

You collected 39 gold pieces.
You spent 26 gold pieces at shops.


Innate Abilities, Weirdness & Mutations

You have extremely sharp teeth.
When hurt, damage is shared between your health and your magic reserves.
Your bite disrupts and absorbs the magic of your enemies.
Potions cannot restore your health.


   Skills:
 - Level 2.0 Fighting
 + Level 2.2 Short Blades
 - Level 1.7 Throwing
 + Level 1.4 Dodging
 * Level 5.7 Stealth


You had 2 spell levels left.
You didn't know any spells.
Your spell library contained the following spells:

 Spells                   Type           Power      Damage    Failure   Level
 Cigotuvi's Dreadful Rot  Necr/Pois/Air  0%         N/A       47%         2
 Poisonous Vapours        Pois/Air       0%         N/A       47%         2

Inventory:

Hand Weapons
 a - a +2 dagger (weapon) {short}
Missiles
 d - 9 poisoned darts (quivered) {throwing}
 e - 3 curare-tipped darts {=fthrowing}
 f - 4 stones {throwing}
Armour
 b - a +0 robe (worn)
 c - a +0 cloak (worn)
 l - a +0 pair of boots (worn)
   (You found it on level 1 of the Dungeon)
Scrolls
 g - a scroll of enchant armour {unknown}
 h - a scroll of teleportation {unknown}
 i - a scroll of fog {unknown}
 m - a scroll of vulnerability {unknown}
 n - a scroll of fear {unknown}
Potions
 j - a potion of magic
 k - a potion of haste {unknown}
 o - 2 potions of attraction {unknown}

Dungeon Overview and Level Annotations

Branches:
Dungeon (2/15) Zot: 10845

Altars:
Hepliaklqana

Shops:
D:1

? ......#.#.#>###.#.#
##.#.#..#.#.#...#.#
.#.#....#.#...###.#
<....#..#.#...# #.#
#.##.####.###.###.#
.....#......#.....#
######....#.#...###
#....######.#.#.####
#.##......†.#...@g.#
#.###.......#..###g#
#...'.......'....#.# #
#####.......####.#g##############
#.......# #.........K.... ..
#.......# ####....###### .
#.†.....# ####.g.g..#####
#.......# ######.....S #.......#
######g


You could see 2 gnolls.


Message History

You kill the rat!
No target in view!
No target in view!
You now have 13 gold pieces (gained 6).
You open the door.
There is an open door here.
There is an open door here.
You open the door.
There is an open door here.
Found a stone staircase leading down.
Unknown command.
Found a hazy altar of Hepliaklqana.
Unknown command.
No target in view!
Unknown command.
A goblin and 2 gnolls come into view.
The goblin moves out of view.
Danger!
The gnoll shouts!
You hear a shout! x2
A ball python comes into view.
You hear a shout!
A kobold and a worm come into view.
The goblin unwields a +0 club.
The goblin wields a +0 sling.
The goblin shoots a sling bullet.
The sling bullet hits you.
A gnoll comes into view. It is wielding a +0 club.
The gnoll shouts!
Unknown command.
A jelly comes into view.
The goblin shoots a sling bullet.
The sling bullet closely misses you.
The ball python hisses angrily.
The goblin shoots a sling bullet.
The sling bullet hits you but does no damage.
The goblin shoots a sling bullet.
The sling bullet closely misses you.
You start waiting.
A kobold is nearby!
Danger!
The kobold closely misses you.
Unknown command.
You hit the kobold. The kobold barely misses you.
You hit the kobold. The kobold misses you.
You closely miss the kobold. You bite the kobold. You drain its power.
The kobold misses you.
You hit the kobold.
You kill the kobold!
You hit the gnoll. The gnoll barely misses you.
Unknown command.
You hit the gnoll. The gnoll closely misses you.
You barely miss the gnoll. The gnoll hits you with a +0 club.
You closely miss the gnoll. Your bite misses the gnoll.
The ball python barely misses you. The ball python grabs you.
The ball python constricts you. The gnoll barely misses you.
You see here a +0 whip {mace}.
Unknown command.
You escape the ball python's grasp.
The gnoll hits you with a +0 club.
Unknown command.
The ball python attacks as you move away!
The ball python bites you but does no damage.
Unknown command.
You hit the ball python.
You kill the ball python!
The gnoll hits you with a +0 club.
The goblin unwields a +0 sling.
The goblin wields a +0 club.
The goblin closely misses you.
You see here a ball python corpse.
Unknown command.
The gnoll shouts!
You hit the gnoll. You bite the gnoll, but do no damage.
The gnoll barely misses you. The goblin closely misses you.
Unknown command.
You hit the gnoll. The gnoll misses you.
You hit the gnoll.
You kill the gnoll!
The goblin unwields a +0 club.
The goblin wields a +0 sling.
The goblin shoots a sling bullet.
The sling bullet barely misses you. The gnoll barely misses you.
Things that are here:
a +0 club {mace}; a gnoll corpse Unknown command.
You closely miss the goblin. You bite the goblin, but do no damage.
The goblin unwields a +0 sling.
The goblin wields a +0 club.
The goblin closely misses you. The gnoll completely misses you.
You closely miss the goblin. Your bite misses the goblin.
The goblin misses you. The gnoll barely misses you.
You hit the goblin but do no damage. You bite the goblin, but do no damage.
The goblin hits you with a +0 club.
* * * LOW HITPOINT WARNING * * *
The gnoll hits you from afar with a +0 spear.
* * * LOW HITPOINT WARNING * * *
Unknown command.
You hit the goblin but do no damage. The goblin barely misses you.
You hit the goblin but do no damage. You bite the goblin. You drain its power.
You feel invigorated. The gnoll misses you.
The goblin hits you but does no damage.
Unknown command.
You hit the goblin but do no damage. You bite the goblin, but do no damage.
The gnoll hits you from afar with a +0 spear.
* * * LOW HITPOINT WARNING * * *
You hit the goblin.
You kill the goblin!
The gnoll hits you from afar with a +0 spear.
You die...

Skill      XL: |  1  2 |
---------------+-------+-----
Stealth        | 5 |  5.7
Dodging        | 1 |  1.4
Fighting       | 2 |  2.0
Short Blades   | 2 |  2.2
Throwing       | |  1.7

Action                   || total
-------------------------++-------
Melee: Dagger            ||    58
       Bite              ||    11
       Punch             ||     1
  Use: Scroll            ||     1
 Stab: Sleeping          ||    11
       Distracted        ||     1
Armor: Robe              ||     4
Dodge: Dodged            ||    35

Levels and vault maps discovered:
D:1:      matt_arrival_refuge, layout_rooms, serial_shops, shop,
          ebering_ecumenical_altar_hall
D:2:      layout_basic, basic_altar

Notes
Turn   | Place    | Note
-------+----------+-------------------------------------------
     0 | D:1      | Sobieck the Vine Stalker Brigand began the quest for the
                  | Orb.
     0 | D:1      | Reached XP level 1. HP: 11/11 MP: 2/2
   119 | D:1      | Reached skill level 5 in Stealth
   151 | D:1      | Reached skill level 1 in Dodging
   151 | D:1      | Reached XP level 2. HP: 15/15 MP: 3/3
   223 | D:1      | Reached skill level 2 in Fighting
   223 | D:1      | Reached skill level 2 in Short Blades
   561 | D:1      | Reached XP level 3. HP: 18/18 MP: 4/4
   568 | D:1      | Found Nekot's Magic Scroll Emporium.
   717 | D:1      | Found a faded altar of an unknown god.
   760 | D:1      | Bought a scroll of identify for 26 gold pieces
   820 | D:1      | You pick up a book of Vapours and begin reading...
   820 | D:1      | You add the spells Poisonous Vapours and Cigotuvi's
                  | Dreadful Rot to your library.
  1104 | D:2      | Found a hazy altar of Hepliaklqana.
  1159 | D:2      | HP: 3/18 [gnoll/+0 spear (3)]
  1160 | D:2      | Slain by a gnoll

Vanquished Creatures
  A gnoll (D:2)
  3 dart slugs (D:1)
  2 bats (D:1)
  6 endoplasms (D:1)
  A giant cockroach (D:1)
  5 hobgoblins
  A kobold (D:2)
  4 ball pythons
  3 goblins
  A rat (D:2)
27 creatures vanquished.

Table legend:
 A = Non-vault XP
 B = Vault XP
 C = Vault XP percentage of total XP
 D = Non-vault monster count
 E = Vault monster count
 F = Vault count percentage of total count
                 A         B        C        D         E       F
            +---------+---------+-------+---------+---------+-------
      Total |      69 |       0 |   0.0 |      27 |       0 |   0.0
            +---------+---------+-------+---------+---------+-------
        D:1 |      45 |       0 |   0.0 |      21 |       0 |   0.0
        D:2 |      24 |       0 |   0.0 |       6 |       0 |   0.0
            +---------+---------+-------+---------+---------+-------

Illustrated notes

Table legend:
 A = Kills in this place as a percentage of kills in entire the game.
 B = Kills by you in this place as a percentage of kills by you in the entire game.
 C = Kills by friends in this place as a percentage of kills by friends in the entire game.
 D = Other kills in this place as a percentage of other kills in the entire game.
 E = Experience gained in this place as a percentage of experience gained in the entire game.
 F = Experience gained in this place divided by the number of levels of this place that you have seen.
                   A       B       C       D       E      F
               +-------+-------+-------+-------+-------+----------------------
         Total | 100.0 | 100.0 |   N/A |   N/A | 100.0 |  34.5
       Dungeon | 100.0 | 100.0 |   N/A |   N/A | 100.0 |  34.5
               +-------+-------+-------+-------+-------+----------------------

Table legend: (Time is in decaauts)
 A = Elapsed time spent in this place.
 B = Non-inter-level travel time spent in this place.
 C = Inter-level travel time spent in this place.
 D = Time resting spent in this place.
 E = Time spent auto-exploring this place.
 F = Levels seen in this place.
 G = Mean time per level.
                   A        B        C        D        E       F      G
               +--------+--------+--------+--------+--------+-----+--------+
         Total |   1153 |   1105 |     48 |     75 |    813 |   2 |  576.5 |
       Dungeon |   1153 |   1105 |     48 |     75 |    813 |   2 |  576.5 |
               +--------+--------+--------+--------+--------+-----+--------+

Top non-repeatable levels by time:
     D:1: 916 daAuts
     D:2: 237 daAuts
